Map: Interloper LE

Players

KiVaara

  • Race: Terran Terran
  • League: Silver
  • Spawn Location: 5:00

DankDoctor - Winner!

  • Race: Protoss Protoss
  • League: Silver
  • Spawn Location: 11:00

VOD

Have the link to the VOD?

Description

Idk what kind of builds are going on in silver these days.

Time

  • Played on: Aug. 1, 2017, 4:15 a.m.
  • Length: 16:34
Show
View Real Time Build Order
Export as new Build Order

KiVaara Terran 

Build Orders:  

Get SALT Encoding   

  12  0:17  Supply Depot, SCV  
  13  0:39  Barracks  
  13  0:46  Refinery  
  13  0:51  Refinery  
  13  0:55  SCV  
  14  1:07  SCV  
  15  1:24  SCV  
  16  1:28  Ghost Academy  
  16  1:41  Barracks Tech Lab  
  16  2:16  Marine  
  18  2:56  Personal Cloaking  
  18  3:03  Ghost  
  19  3:31  Ghost  
  21  3:48  Supply Depot  
  21  4:00  Ghost  
  23  4:29  Ghost  
  22  5:45  Ghost  
  18  5:55  SCV  
  19  6:07  SCV  
  20  6:13  Ghost  
  20  6:14  Factory  
  22  6:20  SCV  
  23  6:32  SCV  
  24  6:42  Ghost  
  24  6:44  SCV  
  27  7:11  Ghost  
  29  7:39  Ghost  
  29  7:44  Nuke  
  29  7:54  Orbital Command  
  29  8:08  Ghost  
  29  9:16  SCV  
  30  9:18  Ghost Academy  
  30  9:42  SCV  
  31  9:55  Barracks Tech Lab  
  31  10:07  Nuke  
  31  10:09  Ghost Academy  
  31  10:10  Factory Tech Lab  
  31  10:12  Factory Reactor  
  31  10:17  Supply Depot  
  31  10:39  SCV  
  31  10:40  Supply Depot  
  32  10:46  Nuke  
  32  10:51  SCV  
  33  10:59  Command Center  
  29  11:44  Nuke x2  
  29  11:49  Barracks  
  29  11:52  Barracks x2  
  29  12:22  Ghost  
  29  12:39  Refinery  
  29  12:41  SCV  
  29  12:43  Barracks Tech Lab, Refinery  
  30  12:45  Barracks Reactor  
  30  12:50  Barracks Reactor, Ghost  
  32  12:51  Supply Depot  
  32  12:53  Supply Depot, SCV  
  32  12:55  Supply Depot  
  33  13:05  SCV  
  34  13:17  SCV  
  34  13:19  Ghost  
  35  13:46  Nuke  
  35  13:47  Ghost  
  35  13:50  Marauder  
  37  14:10  Supply Depot  
  37  14:11  Supply Depot  
  37  14:16  Ghost  
  39  14:32  Ghost  
  41  14:44  Ghost  
  43  15:00  Ghost  
  45  15:13  Ghost  
  47  15:29  Ghost  
Show
View Real Time Build Order
Export as new Build Order

DankDoctor Protoss - Winner!

Build Orders: 1 Gate Expand, Double Forge 

Get SALT Encoding   

  12  0:01  Probe (Chrono Boost)  
  13  0:14  Pylon  
  13  0:18  Probe (Chrono Boost)  
  15  0:28  Probe (Chrono Boost)  
  15  0:35  Gateway  
  15  0:42  Probe (Chrono Boost)  
  16  0:46  Assimilator  
  16  0:53  Probe (Chrono Boost)  
  17  1:07  Probe (Chrono Boost)  
  18  1:27  Cybernetics Core  
  18  1:35  Nexus  
  18  1:48  Pylon  
  18  1:53  Probe (Chrono Boost)  
  19  1:58  Assimilator  
  19  2:03  Probe (Chrono Boost)  
  19  2:04  Adept  
  22  2:14  Warp Gate  
  22  2:17  Mothership Core (Chrono Boost)  
  24  2:31  Adept  
  26  2:49  Probe x2 (Chrono Boost)  
  28  2:58  Adept  
  28  2:59  Probe (Chrono Boost)  
  28  3:00  Probe (Chrono Boost)  
  28  3:04  Pylon  
  32  3:10  Probe (Chrono Boost)  
  33  3:20  Gateway  
  33  3:21  Probe (Chrono Boost)  
  33  3:25  Adept  
  33  3:26  Probe (Chrono Boost)  
  37  3:31  Probe (Chrono Boost)  
  38  3:37  Probe (Chrono Boost)  
  39  3:42  Probe (Chrono Boost)  
  39  3:47  Probe (Chrono Boost)  
  41  3:52  Probe (Chrono Boost)  
  42  3:58  Probe (Chrono Boost)  
  42  3:59  Sentry  
  45  4:06  Robotics Facility  
  45  4:08  Forge  
  45  4:11  Forge  
  45  4:13  Probe x2 (Chrono Boost)  
  46  4:22  Adept  
  38  4:53  Observer  
  38  4:57  Photon Cannon  
  33  5:00  Probe x2 (Chrono Boost)  
  30  5:07  Adept x2  
  30  5:10  Probe (Chrono Boost)  
  30  5:11  Probe (Chrono Boost)  
  34  5:15  Observer  
  30  5:23  Probe x2 (Chrono Boost)  
  29  5:34  Probe (Chrono Boost)  
  24  5:36  Observer  
  24  5:37  Probe (Chrono Boost)  
  22  5:44  Probe (Chrono Boost)  
  22  5:47  Probe (Chrono Boost)  
  22  5:48  Adept  
  22  5:49  Adept  
  24  5:55  Probe (Chrono Boost)  
  25  5:59  Probe (Chrono Boost)  
  26  6:05  Probe (Chrono Boost)  
  26  6:08  Observer  
  26  6:10  Probe (Chrono Boost)  
  29  6:16  Probe (Chrono Boost)  
  30  6:32  Probe x2 (Chrono Boost)  
  32  6:42  Probe (Chrono Boost)  
  32  6:44  Adept  
  35  6:51  Probe (Chrono Boost)  
  35  6:53  Probe (Chrono Boost)  
  31  7:27  Adept  
  31  7:28  Probe (Chrono Boost)  
  31  7:29  Probe (Chrono Boost)  
  35  7:39  Probe x2 (Chrono Boost)  
  37  7:46  Assimilator  
  37  7:49  Probe (Chrono Boost)  
  37  7:51  Photon Cannon  
  38  7:55  Probe (Chrono Boost)  
  39  8:00  Probe (Chrono Boost)  
  39  8:05  Probe (Chrono Boost)  
  41  8:15  Probe (Chrono Boost)  
  41  8:16  Probe (Chrono Boost)  
  43  8:20  Adept  
  43  8:26  Probe x2 (Chrono Boost)  
  47  8:30  Gateway  
  47  8:33  Gateway  
  47  8:37  Pylon  
  47  9:06  Adept x2  
  52  9:17  Probe x2 (Chrono Boost)  
  53  9:27  Probe (Chrono Boost)  
  53  9:28  Probe (Chrono Boost)  
  53  9:31  Adept x2  
  57  9:38  Probe x2 (Chrono Boost)  
  61  9:48  Pylon, Probe (Chrono Boost)  
  62  10:06  Pylon, Probe x2 (Chrono Boost), Observer  
  65  10:09  Adept  
  65  10:10  Pylon, Adept  
  69  10:16  Probe (Chrono Boost)  
  70  10:29  Photon Cannon  
  70  10:32  Photon Cannon  
  70  10:37  Stalker x2  
  70  10:38  Stalker  
  70  10:39  Stalker  
  70  10:42  Immortal  
  82  10:48  Pylon  
  82  10:52  Photon Cannon  
  82  10:57  Photon Cannon  
  82  11:01  Probe x2 (Chrono Boost)  
  84  11:04  Assimilator  
  83  11:11  Probe (Chrono Boost)  
  52  11:19  Adept  
  52  11:20  Adept x3  
  56  11:40  Probe (Chrono Boost)  
  56  11:41  Probe (Chrono Boost)  
  56  11:45  Adept  
  56  11:46  Adept x3  
  66  11:49  Observer  
  66  11:51  Probe (Chrono Boost)  
  66  11:52  Probe (Chrono Boost)  
  51  12:08  Adept x3  
  51  12:09  Adept  
  55  12:26  Gateway  
  55  12:28  Gateway  
  55  12:30  Gateway  
  55  12:36  Adept x2  
  59  12:37  Adept x2  
  59  12:43  Photon Cannon  
  63  12:52  Pylon  
  63  12:57  Immortal  
  67  13:06  Adept x3  
  73  13:23  Stalker  
  75  13:36  Immortal  
  75  13:37  Protoss Ground Weapons Level 1  
  75  13:38  Protoss Ground Armor Level 1  
  79  13:46  Adept  
  79  13:47  Adept  
  83  13:48  Adept  
  83  13:49  Adept x2  
  83  13:50  Adept  
  91  14:02  Pylon  
  91  14:09  Adept x2  
  95  14:10  Adept  
  95  14:15  Immortal  
  101  14:22  Adept x2  
  104  14:39  Photon Cannon  
  103  15:08  Adept  
  103  15:09  Adept  
  103  15:10  Adept  
  109  15:29  Pylon  
  105  15:57  Adept x2  
  105  15:58  Adept x3  
  105  15:59  Adept  
  111  16:32  Nexus  
Tags
 
Add a new tag
Caveats
  • Supply blocks, unpowered buildings, or Contaminate may cause inaccurate times.
  • Supply counts are checked every 10 seconds.